 Dungeon Sprint DCSS version 0.28.0-53-g5a82cb258f (webtiles) character file.

Game seed: 3400180843759085752

13773 Zeld the Slayer (level 11, -24/129 HPs)
             Began as a Minotaur Berserker on June 7, 2022.
             Was the Champion of Trog.
             Annihilated by an azure jelly (31 damage)
             ... in the Dungeon (Sprint III: "The Ten Rune Challenge").
             The game lasted 00:03:18 (5109 turns).

Zeld the Slayer (Minotaur Berserker)                Turns: 5109, Time: 00:03:19

Health: -24/129    AC:  2    Str: 25    XL:     11   Next: 80%
Magic:  10/10      EV: 17    Int:  4    God:    Trog [******]
Gold:   25         SH:  0    Dex: 11    Spells: 10/10 levels left

rFire   . . .      SeeInvis .   a - +9 executioner's axe of Ribb {vorpal, rElec}
rCold   . . .      Faith    .   (shield currently unavailable)
rNeg    . . .      Spirit   .   b - +0 animal skin
rPois   .          Reflect  .   (helmet restricted)
rElec   +          Harm     .   (no cloak)
rCorr   .          Rampage  .   (no gloves)
Will    .....      NoTele   +   (no boots)
Stlth   +.........              (no amulet)
HPRegen 0.31/turn               (no ring)
MPRegen 0.12/turn               (no ring)

@: very slow
A: horns 2, retaliatory headbutt
a: Renounce Religion, Berserk, Trog's Hand, Brothers in Arms


You were in the Dungeon.
You worshipped Trog.
Trog was exalted by your worship.
You visited 1 branch You collected 25 gold pieces.

Inventory:

Hand Weapons
 a - the +9 executioner's axe of Ribb (weapon) {vorpal, rElec}
   (Trog gifted it to you in the Dungeon)

   It inflicts extra damage upon your enemies.
   rElec:     It insulates you from electricity.
 o - the +3 battleaxe "Uqu Wain" {vorpal, rPois rF+ Will- SInv}
   (Trog gifted it to you in the Dungeon)

   It inflicts extra damage upon your enemies.
   rF:        It protects you from fire.
   rPois:     It protects you from poison.
   SInv:      It lets you see invisible.
   Will:      It decreases your willpower.
Armour
 b - a +0 animal skin (worn)
Scrolls
 h - a scroll of blinking
 i - 2 scrolls of identify {unknown}
 j - 2 scrolls of immolation {unknown}
 m - a scroll of torment {unknown}
Potions
 c - a potion of curing
 d - 2 potions of heal wounds
 e - a potion of haste
 f - 2 potions of magic
 g - a potion of berserk rage
 k - a potion of flight {unknown}
 l - 5 potions of mutation
 n - a potion of degeneration {unknown}


   Skills:
 * Level 22.2 Fighting
 * Level 22.2 Axes
 - Level 2.7 Armour
 + Level 15.0 Dodging


You had 10 spell levels left.
You didn't know any spells.
Your spell library was empty.

Dungeon Overview and Level Annotations

Branches:
Dungeon (1/1)

Altars:
Cheibriados
Dithmenos
Elyvilon
Fedhas
Gozag
Hepliaklqana
Kikubaaqudgha
Makhleb
Nemelex Xobeh
Okawaru
Qazlal
Ru
Sif Muna
Trog
Uskayaw
Vehumet
Wu Jian
Xom
Yredelemnul
Zin
The Shining One
Beogh
Jiyva
Lugonu


Innate Abilities, Weirdness & Mutations

You have a pair of horns on your head.
You reflexively headbutt those who attack you in melee.


Message History

The black mamba is severely wounded.
You chop the plant into pieces!!! You closely miss the black mamba.
The black mamba bites you! The black mamba misses you. You furiously retaliate!
You headbutt the black mamba. The black mamba closely misses you.
You furiously retaliate!
You headbutt the black mamba!
Unknown command.
You hit the black mamba.
You kill the black mamba!
Trog accepts your kill.
You hit the black mamba.
You kill the black mamba!
Trog accepts your kill.
You slice the plant!!
A nearby plant withers and dies.
Your Dodging skill increases to level 15!
No target in view!
You cut the plant into ribbons!!!
The plant begins to die.
The plant is lightly damaged.
Unknown command.
You chop the plant into pieces!!!
The plant is heavily damaged.
A nearby plant withers and dies.
You carve the plant like a ham!!!
The plant begins to die.
The plant is lightly damaged.
You slice the plant!!
The plant begins to die.
You slash the plant!
The plant begins to die.
A nearby plant withers and dies. x3
Press: ? - help, . - travel You can't see that place. [the floor.]
You enter the shallow water.
Moving in this stuff is going to be slow.
You open the door. The azure jelly hits you. The azure jelly freezes you!!!
The azure jelly misses you. The azure jelly hits you. The azure jelly hits you!
Your unstable footing causes you to fumble your attack.
The azure jelly hits you. The azure jelly freezes you!!
* * * LOW HITPOINT WARNING * * *
The azure jelly hits you!
* * * LOW HITPOINT WARNING * * *
The azure jelly freezes you!!
You die...

#.≈≈§§§§≈≈♣♣.≈≈≈≈'♣
#.§§≈§§≈≈†≈†.....#.
#≈.§§§§§≈≈♣♣♣♣♣♣♣#.
#≈≈§§§≈.≈≈♣ ##
#+####'#######♣ ♣♣♣
.........).....♣♣
♣..
▓#+#############'♣
♣♣.
▓...#J.....).....♣
♣.
▓...JJ@...########♣♣
♣♣
▓..J#≈≈≈...........♣
♣♣
▓...#≈≈≈≈..........♣
♣.
#+#############+####
##


You could see 4 azure jellies.

Vanquished Creatures
  Rupert (D)
  Josephine (D)
  A centaur warrior (D)
  4 death yaks (D)
  Urug (D)
  A death drake (D)
  A lindwurm (D)
  A deep elf pyromancer (D)
  2 black mambas (D)
  2 cane toads (D)
  An unseen horror (D)
  A rime drake (D)
  A komodo dragon (D)
  2 tyrant leeches (D)
  8 blink frogs (D)
  A shadow (D)
  3 redbacks (D)
  3 wandering mushrooms (D)
  A spatial vortex (D)
  A swamp drake (D)
  A necrophage (D)
  2 centaurs (D)
  An earth elemental (D)
  A water elemental (D)
  An electric eel (D)
  A jelly (D)
  Jessica (D)
  A wizard (D)
  A necromancer (D)
  3 humans (D)
  A kobold demonologist (D)
  A phantom (D)
  An endoplasm (D)
  2 rats (D)
55 creatures vanquished.

Vanquished Creatures (collateral kills)
  2 hydras (D)
2 creatures vanquished.

Vanquished Creatures (others)
  7 plants (D)
7 creatures vanquished.

Grand Total: 64 creatures vanquished

Notes
Turn   | Place    | Note
-------+----------+-------------------------------------------
     0 | D        | Zeld the Minotaur Berserker began the quest for the Orb.
     0 | D        | Reached XP level 1. HP: 19/19 MP: 0/0
    24 | D        | Reached ** piety under Trog
    32 | D        | Noticed Jessica
    34 | D        | Killed Jessica
    35 | D        | Reached skill level 5 in Fighting
    35 | D        | Reached skill level 5 in Axes
    35 | D        | Reached XP level 2. HP: 30/30 MP: 1/1
    35 | D        | Reached XP level 3. HP: 37/37 MP: 2/2
   160 | D        | Noticed a water elemental
   167 | D        | Killed a water elemental
   167 | D        | Reached *** piety under Trog
   168 | D        | Reached XP level 4. HP: 11/48 MP: 3/3
   342 | D        | Found a radiant altar of Vehumet.
   342 | D        | Found a shimmering blue altar of Sif Muna.
   342 | D        | Found an ancient bone altar of Kikubaaqudgha.
   342 | D        | Noticed a wizard
   347 | D        | Noticed a soul eater
   350 | D        | Noticed a ynoxinul
   352 | D        | Reached skill level 5 in Dodging
   360 | D        | Killed a wizard
   361 | D        | Reached XP level 5. HP: 23/56 MP: 4/4
   471 | D        | Found a hide-covered altar of Uskayaw.
   471 | D        | Found an iron altar of Okawaru.
   471 | D        | Found a bloodstained altar of Trog.
   471 | D        | Found an ornate altar of the Wu Jian Council.
   471 | D        | Noticed a human
   474 | D        | Noticed a human
   480 | D        | Killed a human
   480 | D        | Reached **** piety under Trog
   481 | D        | Reached skill level 10 in Fighting
   481 | D        | Reached skill level 10 in Axes
   481 | D        | Reached XP level 6. HP: 31/67 MP: 5/5
   483 | D        | Killed a human
   768 | D        | Found a basalt altar of Yredelemnul.
   768 | D        | Found a shadowy altar of Dithmenos.
   768 | D        | Found a sacrificial altar of Ru.
   774 | D        | Reached XP level 7. HP: 75/75 MP: 6/6
   837 | D        | Found a glowing silver altar of Zin.
   837 | D        | Found a glowing golden altar of the Shining One.
   837 | D        | Found a white marble altar of Elyvilon.
   838 | D        | Noticed a deep elf pyromancer
   843 | D        | Killed a deep elf pyromancer
   843 | D        | Reached ***** piety under Trog
   921 | D        | Noticed a shadow
   925 | D        | Killed a shadow
   926 | D        | Reached XP level 8. HP: 88/88 MP: 7/7
   958 | D        | Found a blossoming altar of Fedhas.
   958 | D        | Found a stormy altar of Qazlal.
   958 | D        | Found a snail-covered altar of Cheibriados.
   958 | D        | Found a burning altar of Makhleb.
   958 | D        | Found a shimmering altar of Xom.
   959 | D        | Found a hazy altar of Hepliaklqana.
   959 | D        | Found an opulent altar of Gozag.
   959 | D        | Found a sparkling altar of Nemelex Xobeh.
   959 | D        | Found a corrupted altar of Lugonu.
   959 | D        | Found a viscous altar of Jiyva.
  1070 | D        | Noticed Josephine
  1083 | D        | Killed Josephine
  1083 | D        | Received a gift from Trog
  1084 | D        | Reached skill level 15 in Fighting
  1084 | D        | Reached skill level 15 in Axes
  1084 | D        | Reached skill level 10 in Dodging
  1263 | D        | Noticed a centaur warrior
  1272 | D        | Reached XP level 9. HP: 29/97 MP: 8/8
  1273 | D        | Killed a centaur warrior
  1512 | D        | Killed an unseen horror
  1815 | D        | Noticed a wandering mushroom
  1819 | D        | Noticed a wandering mushroom
  1821 | D        | Noticed a wandering mushroom
  2147 | D        | Noticed a cane toad
  2147 | D        | Noticed a komodo dragon
  2147 | D        | Noticed a cane toad
  2152 | D        | Killed a cane toad
  2152 | D        | Received a gift from Trog
  2154 | D        | Killed a cane toad
  2155 | D        | Reached XP level 10. HP: 111/112 MP: 9/9
  2396 | D        | Reached ****** piety under Trog
  2767 | D        | Identified the +9 executioner's axe of Ribb {vorpal, rElec}
                  | (Trog gifted it to you in the Dungeon)
  2767 | D        | Received a gift from Trog
  3042 | D        | Noticed a lindwurm
  3048 | D        | Killed a lindwurm
  3156 | D        | Noticed Urug
  3160 | D        | Killed Urug
  3336 | D        | Noticed an eight-headed hydra
  3336 | D        | Noticed an eight-headed hydra
  3352 | D        | Killed an eight-headed hydra
  3555 | D        | Killed an eight-headed hydra
  3864 | D        | Noticed a death drake
  3872 | D        | Killed a death drake
  3873 | D        | Reached XP level 11. HP: 24/124 MP: 10/10
  4225 | D        | Identified the +3 battleaxe "Uqu Wain" {vorpal, rPois rF+
                  | Will- SInv} (Trog gifted it to you in the Dungeon)
  4225 | D        | Received a gift from Trog
  4366 | D        | Noticed Rupert
  4374 | D        | Killed Rupert
  4628 | D        | Noticed a death yak
  4629 | D        | Noticed a death yak
  4630 | D        | Noticed a death yak
  4634 | D        | Noticed a death yak
  4635 | D        | Killed a death yak
  4640 | D        | Killed a death yak
  4643 | D        | Killed a death yak
  4648 | D        | Killed a death yak
  4649 | D        | Received a gift from Trog
  4654 | D        | Noticed an azure jelly
  4654 | D        | Noticed an azure jelly
  4956 | D        | Noticed an azure jelly
  4956 | D        | Noticed an azure jelly
  5083 | D        | Reached skill level 15 in Dodging
  5109 | D        | Annihilated by an azure jelly

Illustrated notes

Levels and vault maps discovered:
D:        dungeon_sprint_mu [sprint_mu_entry_cave, sprint_mu_temple_rooms,
          sprint_mu_d1_horrors, sprint_mu_d2_genie, sprint_mu_d3_branching,
          sprint_mu_orc_legion, sprint_mu_elf_gauntlet, sprint_mu_hive_nellie,
          sprint_mu_lair_fedhas, sprint_mu_vaults_butterflies,
          sprint_mu_slime_circle, sprint_mu_swamp_cave, sprint_mu_snake_twists,
          sprint_mu_blade_basic, sprint_mu_crypt_lich, sprint_mu_tomb_spiral,
          sprint_mu_vestibule_basic, sprint_mu_gehenna_hellfire,
          sprint_mu_dis_giant, sprint_mu_tartarus_statrot,
          sprint_mu_cocytus_islands, sprint_mu_zot1]

Skill      XL: |  1  2  3  4  5  6  7  8  9 10 11 |
---------------+----------------------------------+-----
Fighting       | 5 7 8 10 11 13 15 17 20 22 | 22.2
Axes           | 5 7 8 10 11 13 15 17 20 22 | 22.2
Dodging        | 3 4 5 6 7 9 10 11 13 15 | 15.0
Armour         | |  2.7

Action                   |  1- 3 |  4- 6 |  7- 9 | 10-12 || total
-------------------------+-------+-------+-------+-------++-------
Melee: Hand axe          |    17 |    22 |    20 |       ||    59
       Headbutt          |     2 |     5 |    18 |    14 ||    39
       War axe           |       |       |    36 |     2 ||    38
       Punch             |       |       |     2 |       ||     2
       Executioner's axe |       |       |       |    59 ||    59
       Battleaxe         |       |       |       |    12 ||    12
Invok: Berserk           |     2 |     3 |     5 |     3 ||    13
       Brothers in Arms  |       |       |       |     2 ||     2
  Use: Potion            |       |       |       |     1 ||     1
 Stab: Sleeping          |       |       |       |     1 ||     1
Armor: Animal skin       |       |     2 |     5 |     4 ||    11
Dodge: Dodged            |     5 |     8 |    31 |    42 ||    86
